 Dungeon Crawl Stone Soup version 0.32-a0-640-gc5db3fc80f (webtiles) character file.

Game seed: 947821208466710083

33354 Stormracerdan the Basher (level 13, -4/114 HPs)
             Began as a Minotaur Fighter on Mar 7, 2024.
             Was a High Priest of Trog.
             Slain by a skeletal warrior
             ... wielding a +0 mace
              (10 damage)
             ... on level 12 of the Dungeon.
             The game lasted 00:44:54 (13602 turns).

Stormracerdan the Basher (Minotaur Fighter)        Turns: 13602, Time: 00:44:54

Health: -4/114     AC: 19    Str: 26    XL:     13   Next: 36%
Magic:  0/12       EV: 20    Int: 11    God:    Trog [*****.]
Gold:   792        SH:  0    Dex: 12    Spells: 12/12 levels left

rFire   + . .        h - +4 dire flail (venom)
rCold   + . .        (shield currently unavailable)
rNeg    . . .        u - +3 plate armour
rPois   +            (helmet restricted)
rElec   +            v - +0 cloak
rCorr   +            (no gloves)
SInv    +            (no boots)
Will    ++...        m - amulet of guardian spirit Stlth
                     k - +6 ring of strength
HPRegen 1.39/turn    o - ring of the Hare {EV+10}
MPRegen 0.13/turn

%: guardian spirit
@: mighty, resistant, strong-willed, regenerating
A: horns 2, retaliatory headbutt, see invisible, clever 1, wild magic 1,
inability to drink after injury 1
a: Renounce Religion, Berserk, Trog's Hand, Brothers in Arms


You were on level 12 of the Dungeon.
You worshipped Trog.
Trog was extremely pleased with you.
You visited 4 branches of the dungeon, and saw 15 of its levels.
You also visited: Sewer.

You collected 1524 gold pieces.
You spent 732 gold pieces at shops.

Inventory:

Hand Weapons
 h - a +4 dire flail of venom (weapon)
 C - a +0 battleaxe
Missiles
 f - 32 stones
 g - a boomerang (quivered)
Armour
 u - a +3 plate armour (worn)
 v - a +0 cloak (worn)
 z - a +0 kite shield
Jewellery
 b - an amulet of the acrobat
 k - a +6 ring of strength (left hand)
 m - an amulet of guardian spirit (around neck)
 o - the ring of the Hare (right hand) {EV+10}
   (You found it on level 4 of the Dungeon)

   [ring of evasion]

   EV+10:     It affects your evasion (+10).
Talismans
 a - a blade talisman
 q - a maw talisman
 E - the flux talisman "Deob" {rC- rN+ Stlth+}
   (You bought it in a shop on level 10 of the Dungeon)

   [flux talisman]

   rC-:       It makes you vulnerable to cold.
   rN+:       It protects you from negative energy.
   Stlth+:    It makes you more stealthy.
Wands
 c - a wand of paralysis (3)
 i - a wand of digging (14)
 r - a wand of roots (11)
 D - a wand of polymorph (6)
Scrolls
 j - 6 scrolls of teleportation
 p - 6 scrolls of identify
 s - a scroll of fear
 x - 2 scrolls of amnesia
 y - 2 scrolls of blinking
Potions
 e - 5 potions of curing
 l - 5 potions of haste
 n - a potion of ambrosia
 t - 2 potions of enlightenment
 w - a potion of invisibility
 B - a potion of resistance


   Skills:
 * Level 10.3 Fighting
 + Level 3.3 Long Blades
 + Level 1.9(9.0) Axes
 * Level 13.6(14.3) Maces & Flails
 + Level 6.8(11.1) Staves
 * Level 7.8 Throwing
 * Level 11.0 Armour
 * Level 8.1 Dodging
 + Level 2.3 Stealth
 * Level 9.6 Shields
 * Level 6.5 Evocations


You had 12 spell levels left.
You didn't know any spells.
Your spell library contained the following spells:

 Spells                   Type           Power      Damage    Failure   Level
 Apportation              Tloc           0%         N/A       98%         1
 Necrotise                Necr           0%         1d4       98%         1
 Sandblast                Erth           0%         2d4       98%         1
 Sting                    Conj/Alch      0%         1d3       98%         1
 Summon Small Mammal      Summ           0%         N/A       98%         1
 Static Discharge         Conj/Air       0%         3-3/arc   99%         2
 Dazzling Flash           Conj/Hex       0%         N/A       100%        3
 Frozen Ramparts          Ice            0%         1d1       100%        3
 Gell's Gravitas          Tloc           0%         N/A       100%        3
 Mephitic Cloud           Conj/Alch/Air  0%         N/A       100%        3
 Passwall                 Erth           0%         N/A       100%        3
 Stone Arrow              Conj/Erth      0%         3d7       100%        3
 Swiftness                Air            0%         N/A       100%        3
 Volatile Blastmotes      Fire/Tloc      0%         2d10      100%        3
 Airstrike                Air            0%         2d(0-16)  100%        4
 Brom's Barrelling Bould  Conj/Erth      0%         2d3       100%        4
 Fulminant Prism          Conj/Alch      0%         3d5       100%        4
 Iskenderun's Mystic Bla  Conj/Tloc      0%         2d3       100%        4
 Summon Lightning Spire   Summ/Air       0%         N/A       100%        4
 Vhi's Electric Charge    Tloc/Air       0%         N/A       100%        4
 Arcjolt                  Conj/Air       0%         1d10      100%        5
 Curse of Agony           Necr           0%         N/A       100%        5
 Fireball                 Conj/Fire      0%         3d3       100%        5
 Iskenderun's Battlesphe  Conj           0%         2d6       100%        5
 Silence                  Hex/Air        0%         N/A       100%        5
 Conjure Ball Lightning   Conj/Air       0%         3x3d6     100%        6
 Orb of Destruction       Conj           0%         9d5       100%        7
 Maxwell's Capacitive Co  Air            0%         ∞         100%        8


Dungeon Overview and Level Annotations

Branches:
Dungeon (12/15)            Temple (1/1) D:5            Lair (1/5) D:9
    Orc (1/2) D:9           Sewer (visited)

Altars:
Ashenzari
Cheibriados
Dithmenos
Elyvilon
Fedhas
Gozag
Hepliaklqana
Kikubaaqudgha
Makhleb
Nemelex Xobeh
Okawaru
Qazlal
Ru
Sif Muna
Trog
Uskayaw
Vehumet
Wu Jian
Xom
Yredelemnul
Zin
The Shining One

Shops:
D:3 ?   D:6 !   D:9 *   D:10 =


Innate Abilities, Weirdness & Mutations

You have a pair of horns on your head.
You reflexively headbutt those who attack you in melee.
You have supernaturally acute eyesight. (SInv)
Your mind is acute. (Int +4, Str/Dex -1)
Your spells are a little harder to cast, but a little more powerful.
You occasionally lose the ability to drink potions when taking damage.


Message History

The skeletal warrior is heavily damaged.
The skeletal warrior hits you with a +0 mace.
* * * LOW HITPOINT WARNING * * *
The skeletal warrior barely misses you.
You bludgeon the skeletal warrior!!
The skeletal warrior is severely damaged.
You bludgeon the skeletal warrior!!
Your headbutt misses the skeletal warrior.
The skeletal warrior is almost destroyed.
The skeletal warrior hits you with a +0 mace!
* * * LOW HITPOINT WARNING * * *
The skeletal warrior hits you with a +0 mace!
* * * LOW HITPOINT WARNING * * *
You feel protected.
The skeletal warrior hits you but does no damage.
The skeletal warrior hits you with a +0 mace!
* * * LOW HITPOINT WARNING * * *
You sock the skeletal warrior!
You destroy the skeletal warrior!
Trog accepts your kill. The skeletal warrior barely misses you.
Your Armour skill increases to level 11!
You hit the skeletal warrior but do no damage.
You bludgeon the skeletal warrior!!
Your headbutt misses the skeletal warrior.
The skeletal warrior is moderately damaged.
The skeletal warrior completely misses you.
You furiously retaliate!
You headbutt the skeletal warrior!
The skeletal warrior hits you but does no damage.
You barely miss the skeletal warrior. You headbutt the skeletal warrior!!
The skeletal warrior is heavily damaged.
You puncture the skeletal warrior!
The skeletal warrior is almost destroyed.
The skeletal warrior closely misses you.
The skeletal warrior hits you but does no damage.
You puncture the skeletal warrior!
You destroy the skeletal warrior!
Trog accepts your kill.
The skeletal warrior hits you with a +0 mace!
You die...

####################
..........#........#
..........#........#
.......<..#........#
..........#........
..........#.......
###..#######...z)# #####
###..##..#######@###...##
...........#............#
...........+............#
...........#............#
...........#....<.......#
#....##....#............#
#....##...##............##
.....##...##...†###......#
..........#####'###...####


You could see a skeletal warrior.

Vanquished Creatures
  Josephine (D:10)
  A centaur warrior (D:12)
  6 two-headed ogres
  8 skeletal warriors
  Lodul (D:11)
  Pikel (D:6)
  An orc knight (Orc:1)
  A manticore (D:12)
  An orc sorcerer (Orc:1)
  A cyclops (D:12)
  An ugly thing (D:12)
  A kobold blastminer (Orc:1)
  An elephant (D:9)
  2 gargoyles (D:12)
  8 cane toads (Lair:1)
  4 kobold demonologists (D:12)
  3 komodo dragons (Lair:1)
  Psyche (D:11)
  4 trolls
  A polar bear (Lair:1)
  A shadow (D:12)
  28 yaks
  2 wyverns
  3 wraiths (D:10)
  A basilisk (Lair:1)
  A steam dragon (D:7)
  A warg (Orc:1)
  Edmund (D:6)
  Menkaure (D:7)
  2 acid dragons
  Duvessa (D:6)
  8 water moccasins
  3 ice beasts
  17 orc warriors
  6 sky beasts
  3 black bears
  8 ogres
  A crocodile (Sewer)
  The ghost of Nilihum the Charlatan, an amateur CoAr (D:3)
  6 centaurs
  3 wolves (Lair:1)
  2 lemures (D:6)
  A phantom (D:5)
  Blork the orc (D:6)
  A brain worm (Sewer)
  8 kobold brigands
  2 bullfrogs
  A gnoll sergeant (D:9)
  6 scorpions
  5 killer bees (D:9)
  Dowan (D:6)
  4 howler monkeys
  6 hounds
  Crazy Yiuf (D:2)
  A gnoll bouda (D:8)
  9 orc priests
  2 sleepcaps
  Jessica (D:2)
  7 iguanas
  Natasha (D:3)
  14 orc wizards
  9 gnolls
  8 adders
  3 white imps
  4 ribbon worms
  6 dart slugs
  55 orcs
  9 ball pythons
  6 endoplasms
  2 giant cockroaches
  8 goblins
  9 hobgoblins
  7 jackals
  6 quokkas
  10 bats
  4 frilled lizards
  33 kobolds
  3 rats
402 creatures vanquished.

Vanquished Creatures (collateral kills)
  The ghost of Nilihum the Prestidigitator, a journeyman CoAr of Gozag (D:10)
  A boulder beetle (D:10)
  A wyvern (D:10)
3 creatures vanquished.

Vanquished Creatures (others)
  An orc wizard (Orc:1)
1 creature vanquished.

Grand Total: 406 creatures vanquished

Notes
Turn   | Place    | Note
-------+----------+-------------------------------------------
     0 | D:1      | Stormracerdan the Minotaur Fighter began the quest for the
                  | Orb.
     0 | D:1      | Reached XP level 1. HP: 19/19 MP: 0/0
   108 | D:1      | Reached XP level 2. HP: 27/27 MP: 1/1
   530 | D:1      | Reached XP level 3. HP: 33/33 MP: 2/2
   925 | D:2      | Noticed Jessica
   931 | D:2      | Killed Jessica
   936 | D:2      | Reached skill level 1 in Axes
   936 | D:2      | Reached XP level 4. HP: 31/40 MP: 3/3
  1011 | D:2      | Reached skill level 1 in Dodging
  1154 | D:2      | Gained mutation: You are partially covered in iridescent
                  | scales. (AC +2) [potion of mutation]
  1154 | D:2      | Gained mutation: You have sharp toenails. [potion of
                  | mutation]
  1154 | D:2      | Gained mutation: You are mostly covered in iridescent
                  | scales. (AC +4) [potion of mutation]
  1241 | D:2      | Found a runed translucent door.
  1242 | D:2      | Noticed Crazy Yiuf
  1248 | D:2      | Killed Crazy Yiuf
  1363 | D:2      | Reached skill level 1 in Throwing
  1363 | D:2      | Reached XP level 5. HP: 47/47 MP: 4/4
  1529 | D:3      | Reached skill level 5 in Fighting
  1703 | D:3      | Found Koxul's Magic Scroll Shoppe.
  1712 | D:3      | Bought a scroll of enchant armour for 82 gold pieces
  1947 | D:3      | Found a glowing drain.
  2003 | Sewer    | Entered a sewer
  2028 | Sewer    | Reached skill level 1 in Staves
  2028 | Sewer    | Reached XP level 6. HP: 45/56 MP: 2/5
  2355 | D:3      | Noticed Natasha
  2359 | D:3      | Killed Natasha
  2388 | D:3      | Found a runed translucent door.
  2393 | D:3      | Noticed Nilihum's ghost (amateur CoAr)
  2450 | D:3      | Killed Nilihum's ghost
  2451 | D:3      | Reached skill level 5 in Armour
  2451 | D:3      | Reached skill level 1 in Evocations
  2660 | D:4      | Lost mutation: You are mostly covered in iridescent scales.
                  | (AC +4) [potion of mutation]
  2660 | D:4      | Lost mutation: You are partially covered in iridescent
                  | scales. (AC +2) [potion of mutation]
  2660 | D:4      | Gained mutation: Your body sometimes deteriorates upon
                  | taking damage. [potion of mutation]
  2661 | D:4      | Lost mutation: You have sharp toenails. [potion of
                  | mutation]
  2661 | D:4      | Lost mutation: Your body sometimes deteriorates upon taking
                  | damage. [potion of mutation]
  2661 | D:4      | Gained mutation: You are partially covered in large bone
                  | plates. (SH +4) [potion of mutation]
  2661 | D:4      | Gained mutation: You are partially covered in iridescent
                  | scales. (AC +2) [potion of mutation]
  2705 | D:4      | Reached XP level 7. HP: 57/57 MP: 6/6
  2928 | D:4      | Found the ring of the Hare {EV+10}
  3356 | D:5      | Entered Level 5 of the Dungeon
  3543 | D:5      | Reached skill level 5 in Shields
  3865 | D:5      | Reached XP level 8. HP: 42/70 MP: 4/7
  4008 | D:5      | Reached skill level 5 in Staves
  4103 | D:5      | Found a staircase to the Ecumenical Temple.
  4130 | Temple   | Entered the Ecumenical Temple
  4151 | Temple   | Became a worshipper of Trog the Wrathful
  4757 | D:6      | Noticed Duvessa
  4762 | D:6      | Noticed Blork the orc
  4765 | D:6      | Noticed Edmund
  4765 | D:6      | Noticed Dowan
  4766 | D:6      | Killed Duvessa
  4773 | D:6      | Killed Edmund
  4775 | D:6      | Killed Blork the orc
  4776 | D:6      | Killed Dowan
  4860 | D:6      | Noticed Pikel
  4872 | D:6      | Killed Pikel
  4873 | D:6      | Reached skill level 1 in Maces & Flails
  4873 | D:6      | Reached skill level 1 in Stealth
  4873 | D:6      | Reached XP level 9. HP: 66/78 MP: 6/8
  4976 | D:6      | Found Dyrhorin's Distillery.
  4991 | D:6      | Reached skill level 2 in Maces & Flails
  5021 | D:6      | Found a stormy altar of Qazlal.
  5205 | D:6      | Found a sacrificial altar of Ru.
  5565 | D:7      | Noticed a two-headed ogre
  5585 | D:7      | Killed a two-headed ogre
  5586 | D:7      | Reached skill level 4 in Maces & Flails
  5594 | D:7      | Reached skill level 5 in Maces & Flails
  5611 | D:7      | Reached * piety under Trog
  5612 | D:7      | Reached XP level 10. HP: 59/86 MP: 7/9
  5854 | D:7      | Lost mutation: You are partially covered in iridescent
                  | scales. (AC +2) [potion of mutation]
  5854 | D:7      | Lost mutation: You are partially covered in large bone
                  | plates. (SH +4) [potion of mutation]
  5854 | D:7      | Gained mutation: Your magical capacity is low. (-10% MP)
                  | [potion of mutation]
  5854 | D:7      | Gained mutation: Your magical capacity is very low. (-20%
                  | MP) [potion of mutation]
  6094 | D:7      | Noticed Menkaure
  6096 | D:7      | Killed Menkaure
  6285 | D:7      | Reached skill level 6 in Maces & Flails
  6604 | D:8      | Reached ** piety under Trog
  6745 | D:8      | Noticed a two-headed ogre
  6754 | D:8      | Killed a two-headed ogre
  6815 | D:8      | Reached skill level 7 in Maces & Flails
  6878 | D:8      | Lost mutation: Your magical capacity is very low. (-20% MP)
                  | [potion of mutation]
  6878 | D:8      | Lost mutation: Your magical capacity is low. (-10% MP)
                  | [potion of mutation]
  6878 | D:8      | Gained mutation: You occasionally lose the ability to drink
                  | potions when taking damage. [potion of mutation]
  6878 | D:8      | Gained mutation: Your spells are a little harder to cast,
                  | but a little more powerful. [potion of mutation]
  6878 | D:8      | Gained mutation: You have supernaturally acute eyesight.
                  | (SInv) [potion of mutation]
  6878 | D:8      | Gained mutation: Your mind is acute. (Int +4, Str/Dex -1)
                  | [potion of mutation]
  6933 | D:8      | Found an ornate altar of the Wu Jian Council.
  7761 | D:9      | Noticed an elephant
  7761 | D:9      | Found Zin's Purification Station.
  7761 | D:9      | Found a staircase to the Lair.
  7761 | D:9      | Found a glowing silver altar of Zin.
  7785 | D:9      | Reached skill level 5 in Throwing
  7787 | D:9      | Reached skill level 8 in Maces & Flails
  7793 | D:9      | Killed an elephant
  7794 | D:9      | Reached skill level 5 in Dodging
  7863 | Lair:1   | Entered Level 1 of the Lair of Beasts
  7879 | Lair:1   | Reached XP level 11. HP: 94/94 MP: 8/10
  7959 | Lair:1   | Reached skill level 9 in Maces & Flails
  8106 | Lair:1   | Reached skill level 5 in Evocations
  8468 | Lair:1   | Reached *** piety under Trog
  8531 | Lair:1   | Reached skill level 10 in Maces & Flails
  8931 | D:9      | Noticed a two-headed ogre
  8940 | D:9      | Killed a two-headed ogre
  9040 | D:9      | Found an iron altar of Okawaru.
  9435 | D:9      | Noticed a two-headed ogre
  9446 | D:9      | Killed a two-headed ogre
  9482 | D:9      | Found a staircase to the Orcish Mines.
  9512 | Orc:1    | Entered Level 1 of the Orcish Mines
  9587 | Orc:1    | Reached skill level 11 in Maces & Flails
  9722 | Orc:1    | Noticed an orc sorcerer
  9733 | Orc:1    | Reached **** piety under Trog
  9737 | Orc:1    | Killed an orc sorcerer
  9738 | Orc:1    | Reached XP level 12. HP: 103/103 MP: 11/11
 10145 | D:9      | Found a glowing golden altar of the Shining One.
 10537 | D:10     | Entered Level 10 of the Dungeon
 10874 | D:10     | Noticed a two-headed ogre
 10884 | D:10     | Killed a two-headed ogre
 11031 | D:10     | Found a transporter.
 11041 | D:10     | Noticed Nilihum's ghost (journeyman CoAr)
 11043 | D:10     | Noticed a boulder beetle
 11047 | D:10     | Found a transporter.
 11087 | D:10     | Killed Nilihum's ghost
 11090 | D:10     | Killed a boulder beetle
 11091 | D:10     | Reached skill level 10 in Armour
 11408 | D:10     | Noticed Josephine
 11422 | D:10     | Reached skill level 12 in Maces & Flails
 11429 | D:10     | Killed Josephine
 11617 | D:10     | Found Aryluvoe's Jewellery Emporium.
 11624 | D:10     | Bought the flux talisman "Deob" {rC- rN+ Stlth+} for 650
                  | gold pieces
 11706 | D:11     | Got Lopleucw's Early Guide to the Gnostic Practices
 12048 | D:11     | Noticed Psyche
 12052 | D:11     | Killed Psyche
 12058 | D:11     | Noticed Lodul
 12092 | D:11     | Reached ***** piety under Trog
 12100 | D:11     | Reached skill level 13 in Maces & Flails
 12106 | D:11     | Killed Lodul
 12484 | D:11     | Noticed a two-headed ogre
 12492 | D:11     | Killed a two-headed ogre
 12493 | D:11     | Reached skill level 10 in Fighting
 12493 | D:11     | Reached XP level 13. HP: 113/113 MP: 12/12
 12955 | D:12     | Found a gate leading to a gauntlet.
 13596 | D:12     | HP: 1/114 [skeletal warrior/+0 mace (11)]
 13602 | D:12     | Slain by a skeletal warrior

Illustrated notes

Levels and vault maps discovered:
D:1:      dpeg_arrival_rooms_c, layout_loops_ring
D:2:      layout_basic, uniq_crazy_yiuf_cottage, uniq_jessica
D:3:      layout_basic, ebering_ghost_sewer_d, cheibrodos_sewer_entry_bend,
          serial_shops, nicolae_shop_temple_entry_statues_fountains,
          grunt_decor_resistance, saegor_snake_ambush, uniq_natasha
D:4:      minmay_wonky_spiral, layout_loops_ring
D:5:      layout_basic, minmay_temple_entry_mini_moons, serial_corexii_hall,
          corexii_hall_statues_x, corexii_hall_statues_deadend,
          corexii_hall_statues_s, chequers_hall_statues_wall_a
D:6:      layout_loops_ring, marbit_many_paths,
          mainiacjoe_overflow_surrounded_room, serial_rivers,
          chequers_serial_rivers_small_b, chequers_serial_rivers_small_b,
          chequers_serial_rivers_small_b, chequers_serial_rivers_marsh,
          serial_shops, shop, uniq_pikel, uniq_blork_the_orc, uniq_duvessa,
          uniq_edmund
D:7:      layout_basic, minmay_alternating_orb, uniq_menkaure
D:8:      layout_basic, nzn_wu_jian_council_hall, serial_rivers,
          chequers_serial_rivers_small_3, chequers_serial_rivers_micro_c,
          chequers_serial_rivers_micro_b, chequers_serial_rivers_micro_d,
          chequers_serial_rivers_micro_b, chequers_serial_rivers_micro_a
D:9:      layout_stronghold, tso_altar, zin_purify, old_standard_altar,
          david_lair_generic, david_orc_2
D:10:     layout_roguey, gammafunk_ghost_arena, special_room [special_room_orc],
          serial_shops, nicolae_shop_crystal, uniq_josephine
D:11:     layout_rooms, uniq_lodul, uniq_psyche
D:12:     layout_gridville, gauntlet_entry_generic
Temple:   nicolae_temple_bog_church
Lair:1:   layout_gridlike, minmay_stone_trees_medium, fungi_pond_lemuel,
          lemuel_fruit_fields, serial_bayou_shore_a
Orc:1:    layout_diamond_mine

Skill      XL: |  1  2  3  4  5  6  7  8  9 10 11 12 13 |
---------------+----------------------------------------+-----
Fighting       | 4 5 6 7 8 10 | 10.3
Long Blades    | 3 |  3.3
Shields        | 4 5 6 7 8 9 |  9.6
Axes           | 1 |  1.9
Armour         | 4 5 6 7 8 9 10 11 | 11.0
Dodging        | 1 2 3 4 5 6 7 8 |  8.1
Throwing       | 1 2 3 4 5 6 7 |  7.8
Staves         | 1 2 4 6 |  6.8
Evocations     | 1 3 4 5 6 |  6.5
Maces & Flails | 1 5 8 11 13 | 13.6
Stealth        | 1 2 |  2.3

Action                     |  1- 3 |  4- 6 |  7- 9 | 10-12 | 13-15 || total
---------------------------+-------+-------+-------+-------+-------++-------
  Melee: Long sword        |    75 |       |       |       |       ||    75
         Headbutt          |    12 |    14 |    27 |   121 |    28 ||   202
         War axe           |     7 |    25 |       |       |       ||    32
         Quarterstaff      |       |    69 |   111 |       |       ||   180
         Kick              |       |    16 |       |       |       ||    16
         Dire flail        |       |       |    66 |   557 |   101 ||   724
  Throw: Stone             |     6 |    16 |    18 |    63 |       ||   103
         Boomerang         |       |       |       |    68 |    21 ||    89
 Invoke: Trog's Hand       |       |       |       |     1 |     1 ||     2
         Brothers in Arms  |       |       |       |     1 |       ||     1
  Evoke: Wand              |       |     7 |     1 |    65 |     6 ||    79
    Use: Scroll            |     2 |     3 |     2 |     7 |     1 ||    15
         Potion            |     1 |     9 |     1 |     6 |     3 ||    20
   Stab: Confused          |       |       |     1 |       |       ||     1
         Paralysed         |       |       |       |     4 |       ||     4
 Armour: Scale mail        |    46 |    78 |       |       |       ||   124
         Chain mail        |       |    14 |    77 |    11 |       ||   102
         Plate armour      |       |       |       |   204 |    71 ||   275
  Dodge: Dodged            |    27 |    53 |   136 |   353 |   123 ||   692
  Block: Buckler           |    17 |     7 |       |       |       ||    24
         Other             |       |       |    22 |     4 |       ||    26

Table legend: (Time is in decaauts)
 A = Elapsed time spent in this place.
 B = Non-inter-level travel time spent in this place.
 C = Inter-level travel time spent in this place.
 D = Time resting spent in this place.
 E = Time spent auto-exploring this place.
 F = Levels seen in this place.
 G = Mean time per level.
                   A        B        C        D        E       F      G
               +--------+--------+--------+--------+--------+-----+--------+
         Total |  13557 |  13557 |      0 |   3499 |   6584 |  16 |  847.3 |
       Dungeon |  11717 |  11717 |      0 |   2717 |   6006 |  12 |  976.4 |
        Temple |     38 |     38 |      0 |      0 |      0 |   1 |   38.0 |
          Lair |   1039 |   1039 |      0 |    369 |    458 |   1 | 1039.0 |
  Orcish Mines |    594 |    594 |      0 |    328 |     98 |   1 |  594.0 |
         Sewer |    167 |    167 |      0 |     85 |     21 |   1 |  167.0 |
               +--------+--------+--------+--------+--------+-----+--------+

Top non-repeatable levels by time:
     D:5: 1297 daAuts
     D:8: 1206 daAuts
    D:10: 1151 daAuts
     D:9: 1081 daAuts
    D:11: 1068 daAuts
  Lair:1: 1039 daAuts
     D:7: 1005 daAuts
     D:3: 925 daAuts
     D:1: 882 daAuts
     D:6: 868 daAuts
     D:4: 808 daAuts
    D:12: 754 daAuts
     D:2: 670 daAuts
   Orc:1: 594 daAuts
   Sewer: 167 daAuts
